 Dungeon Crawl Stone Soup version 0.31.0-11-ge490571c62 (webtiles) character file.

Game seed: 12398606617816705998

344013 EonDragon20 the Skinwalker (level 21, -25/282 HPs)
             Began as a Merfolk Shapeshifter on Feb 8, 2024.
             Was the Champion of Jiyva.
             Killed from afar by a frost giant (54 damage)
             ... with a bolt of cold
             ... on level 4 of the Depths.
             The game lasted 02:05:39 (43357 turns).

EonDragon20 the Skinwalker (Merfolk Shapeshifter)  Turns: 43357, Time: 02:05:39

Health: -25/282    AC: 18    Str: 40    XL:     21   Next: 66%
Magic:  21/21      EV: 23    Int:  7    God:    Jiyva [******]
Gold:   844        SH:  5    Dex: 25    Spells: 20/20 levels left

rFire   + + .        e - melded +1 whip
rCold   x . .        (shield currently unavailable)
rNeg    + . .        a - melded +1 animal skin
rPois   +            (helmet currently unavailable)
rElec   +            (cloak currently unavailable)
rCorr   +            (gloves currently unavailable)
SInv    +            (boots currently unavailable)
Will    ++++.        p - amulet of reflection
Stlth   +++          q - ring "Unkoluig" {rElec rPois rN+ rCorr Str+6}
HPRegen 2.27/turn    G - ring of see invisible
MPRegen 0.97/turn

%: reflection
@: dragon-form, on berserk cooldown, calling ooze, flying, slowed, studying
Unarmed Combat, very slow
A: dragon claw, dragon scales, breathe fire, flying, boosted hp, giant, (nimble
swimmer 2), (mertail), (antennae 1), (iridescent scales 3), thin skeletal
structure 1, agile 1, strong-willed 3, strong 2, (eyeballs 1), (pseudopods 3),
(engulf)
}: 3/15 runes: barnacled, slimy, gossamer
a: Breathe Fire, Begin Untransformation, Renounce Religion, Oozemancy, Slimify


You were on level 4 of the Depths.
You worshipped Jiyva.
Jiyva was exalted by your worship.
You were a fearsome dragon!
You visited 9 branches of the dungeon, and saw 44 of its levels.

You collected 3482 gold pieces.
You spent 2638 gold pieces at shops.

Inventory:

Hand Weapons
 e - a +1 whip (melded)
Armour
 a - a +1 animal skin (melded)
Jewellery
 k - a ring of willpower
 p - an amulet of reflection (around neck)
 q - the ring "Unkoluig" (left foreclaw) {rElec rPois rN+ rCorr Str+6}
   (You bought it in a shop on level 13 of the Dungeon)

   [ring of strength]

   Str+6:     It affects your strength (+6).
   rElec:     It insulates you from electricity.
   rPois:     It protects you from poison rN+: It protects you from negative
   energy.
   rCorr:     It protects you from acid and corrosion.
 B - a +6 ring of dexterity
 G - a ring of see invisible (right foreclaw)
 I - a +6 ring of intelligence
Talismans
 d - a flux talisman
 g - a blade talisman
 l - a serpent talisman
 X - a dragon-blood talisman (active)
Wands
 j - a wand of roots (39)
 t - a wand of quicksilver (21)
 J - a wand of digging (16)
 L - a wand of polymorph (16)
 N - a wand of flame (30)
 Q - a wand of mindburst (25)
 R - a wand of charming (22)
Scrolls
 h - a scroll of enchant armour
 i - 2 scrolls of fear
 n - a scroll of enchant weapon
 o - 6 scrolls of revelation
 v - a scroll of vulnerability
 y - 5 scrolls of fog
 C - 7 scrolls of teleportation
 F - 2 scrolls of silence
 M - a scroll of immolation
 O - 3 scrolls of amnesia
 P - 4 scrolls of poison
 S - 15 scrolls of identify
Potions
 b - 5 potions of lignification
 c - 3 potions of berserk rage
 f - 7 potions of enlightenment
 m - 4 potions of mutation
 r - 2 potions of haste
 u - 2 potions of attraction
 A - 2 potions of magic
 D - 4 potions of invisibility
 E - a potion of ambrosia
 H - 5 potions of curing
 K - 5 potions of might
 W - a potion of brilliance
 Y - a potion of heal wounds
Miscellaneous
 T - a lightning rod (4/4)
 U - a phantom mirror
 V - a sack of spiders
 Z - a condenser vane


   Skills:
 * Level 21.8 Fighting
 * Level 20.0 Dodging
 * Level 23.3 Unarmed Combat
 - Level 25.0 Shapeshifting


You had 20 spell levels left.
You didn't know any spells.
Your spell library contained the following spells:

 Spells                   Type           Power      Damage    Failure   Level
 Sting                    Conj/Alch      0%         1d3       43%         1
 Summon Small Mammal      Summ           0%         N/A       43%         1
 Call Imp                 Summ           0%         N/A       56%         2
 Mercury Vapours          Alch/Air       0%         N/A       56%         2
 Scorch                   Fire           0%         2d5       56%         2
 Sublimation of Blood     Necr           0%         N/A       56%         2
 Call Canine Familiar     Summ           0%         N/A       80%         3
 Dazzling Flash           Conj/Hex       0%         N/A       80%         3
 Frozen Ramparts          Ice            0%         1d1       80%         3
 Mephitic Cloud           Conj/Alch/Air  0%         N/A       80%         3
 Brom's Barrelling Bould  Conj/Erth      0%         2d3       99%         4
 Flame Wave               Conj/Fire      0%         2d4       99%         4
 Leda's Liquefaction      Alch/Erth      0%         N/A       99%         4
 Olgreb's Toxic Radiance  Alch           0%         N/A       99%         4
 Passage of Golubria      Tloc           0%         N/A       99%         4
 Petrify                  Alch/Erth      0%         N/A       99%         4
 Summon Blazeheart Golem  Fire/Summ      0%         N/A       99%         4
 Vhi's Electric Charge    Tloc/Air       0%         N/A       99%         4
 Arcjolt                  Conj/Air       0%         1d10      100%        5
 Borgnjor's Vile Clutch   Necr/Erth      0%         N/A       100%        5
 Curse of Agony           Necr           0%         N/A       100%        5
 Metabolic Englaciation   Hex/Ice        0%         N/A       100%        5
 Silence                  Hex/Air        0%         N/A       100%        5
 Yara's Violent Unravell  Hex/Alch       0%         3d3       100%        5
 Bombard                  Conj/Erth      0%         9d1       100%        6
 Conjure Ball Lightning   Conj/Air       0%         3x3d6     100%        6
 Malign Gateway           Summ/Tloc      0%         N/A       100%        7
 Summon Hydra             Summ           0%         N/A       100%        7
 Discord                  Hex            0%         N/A       100%        8
 Disjunction              Tloc           0%         N/A       100%        8
 Lehudib's Crystal Spear  Conj/Erth      0%         10d2      100%        8
 Maxwell's Capacitive Co  Air            0%         ∞         100%        8
 Summon Horrible Things   Summ           0%         N/A       100%        8


Dungeon Overview and Level Annotations

Branches:
Dungeon (15/15)            Temple (1/1) D:6            Lair (5/5) D:9
 Shoals (4/4) Lair:2       Spider (4/4) Lair:2        Slime (5/5) Lair:4
    Orc (2/2) D:12            Elf (0/3) Orc:2        Vaults (4/5) D:14
  Crypt (0/3) Vaults:2     Depths (3/4) D:15

Altars:
Ashenzari
Cheibriados
Dithmenos
Elyvilon
Fedhas
Gozag
Hepliaklqana
Kikubaaqudgha
Makhleb
Nemelex Xobeh
Okawaru
Qazlal
Ru
Sif Muna
Trog
Uskayaw
Vehumet
Wu Jian
Xom
Yredelemnul
Zin
The Shining One
Jiyva

Shops:
D:6 :   D:7 ?   D:13 *(*=?   D:14 (   Shoals:1 =   Shoals:2 =[[(   Vaults:1 (
Depths:1 (   Depths:2 (!

Portals:
Hell: Depths:1 Depths:2 Depths:3
Abyss: Depths:3
Pandemonium: Depths:2
Trove: Vaults:1 (give +6 demon whip)
Gauntlet: Orc:2

Annotations:
D:3 2 transporters, laqueoix's ghost, amateur OpSh
D:5 1 runed translucent door, Crazy Yiuf
D:9 1 runed translucent door, MiniGinger's ghost, journeyman GnHs
D:12 1 runed translucent door
D:13 exclusion: orange crystal statue
Shoals:3 1 runed translucent door, Cedruin's ghost, adept DrAr
Spider:1 1 runed translucent door, Roxanne; Taul's ghost, journeyman MiFi
Vaults:3 Mennas
Depths:3 1 transporter, exclusion: orange crystal statue


Innate Abilities, Weirdness & Mutations

You are a fearsome dragon!
You have a powerful clawing attack.
Your giant scaled body is strong and resilient, but less evasive.
You can breathe fire.
You are flying.
Your maximum health is greatly increased.
Your armour is entirely melded.
You are incapable of wielding weapons or throwing items.
((You are very nimble when in or above water. (Stealth+, EV+, Speed+++)))
((Your lower body shifts to a powerful aquatic tail in water.))
((You have a pair of small antennae on your head.))
((You are completely covered in iridescent scales. (AC +6)))
You have a somewhat thin skeletal structure. (Dex +2, Stealth+)
You are agile. (Dex +4, Str/Int -1)
You are extremely strong-willed. (Will+++)
Your muscles are very strong. (Str +8, Int/Dex -2)
((Your body has grown eyes which may confuse attackers. (Acc +3)))
((Armour fits poorly on your massive pseudopods.))
((Your melee attacks may engulf your foes in ooze.))


Message History

Your claw misses the juggernaut.
You bite the juggernaut, but do no damage.
The juggernaut is almost dead.
The wall burns the tengu conjurer!
The walls burn the juggernaut!
You kill the juggernaut!
Your Dodging skill increases to level 20!
You barely miss the frost giant. You claw the frost giant!!!
The frost giant is moderately wounded.
You maul the frost giant!!!!
You kill the frost giant!
The walls burn the tengu conjurer!
The tengu conjurer misses you. x2
You block the tengu conjurer's attack.
A frost giant comes into view.
It is wielding a +2 battleaxe of freezing.
You bite the tengu conjurer!!
You kill the tengu conjurer!
The battlesphere dissipates.
You maul the deep troll!!!!
You kill the deep troll!
You are too berserk!
The deep troll shaman calls upon its god to strengthen the iron troll.
The iron troll seems to grow stronger.
Items here: [ †††.
You feel a strong urge to attack something.
You are no longer berserk.
You are exhausted.
You feel yourself slow down. The ice dragon breathes frost at you.
The blast of cold hits you!!!
You feel a terrible chill!
* * * LOW HITPOINT WARNING * * *
You hear a shout!
As you read the scroll of fog, it dissolves into smoke.
The frost giant points at you and mumbles some strange words.
The bolt of cold hits you!!!
You feel a terrible chill!
* * * LOW HITPOINT WARNING * * *
Okay, then.
You feel much better.
You are no longer corroded.
The frost giant gestures at you while chanting.
The bolt of cold hits you!!!
You feel a terrible chill!
You die...

......#.........
....≈.#..........
..~.~............
#....~.....D....#
...~...TT.°.....#
...~~......DC..##
...~~.#§§Q§.....#
.....?#.§§§§...##
..... ###D§§....#
#..## ##§§.....
### #§.....
...... .....
..... ####


You could see a frost giant, an ice dragon (catching breath) and a tengu
warrior.

Vanquished Creatures
  Mara (Shoals:4)
  A juggernaut (Depths:4)
  A royal mummy (Depths:2)
  Sojobo (Vaults:3)
  5 caustic shrikes (Depths:4)
  Arachne (Spider:4)
  Jorgrun (D:14)
  4 sphinxes
  Polyphemus (Shoals:3)
  Frances (Spider:1)
  3 shadow dragons
  2 tengu reavers (Vaults:3)
  3 fire giants
  3 frost giants
  3 emperor scorpions
  A spectral juggernaut (Depths:2)
  Louise (Spider:1)
  9 vault wardens
  7 ghost moths
  2 orc warlords (Vaults:3)
  4 stone giants
  8 ironbound preservers
  11 very ugly things
  8 ironbound thunderhulks
  3 broodmothers
  3 war gargoyles
  3 spark wasps
  3 dire elephants (Vaults:2)
  Snorg (Lair:4)
  6 crystal guardians
  4 merfolk javelineers
  3 mummy priests (Depths:2)
  12 fire dragons
  10 merfolk impalers
  6 ettins
  14 yaktaur captains
  2 spectral golden dragons (Depths:2)
  5 entropy weavers
  2 spectral spriggans (Depths:2)
  2 spectral tengu (Depths:2)
  4 peacekeepers
  3 rakshasas
  2 ice dragons (Depths:3)
  2 spriggan air magi
  A spectral shadow dragon (Depths:2)
  11 ironbound frosthearts
  3 catoblepae
  A radroach (Spider:3)
  A death knight (Vaults:2)
  8 hydras
  A merfolk aquamancer (Shoals:4)
  8 vault guards
  2 jorogumos (Spider:4)
  10 boulder beetles
  An ogre mage (D:14)
  2 merfolk avatars
  5 centaur warriors
  7 two-headed ogres
  A deep troll earth mage (Depths:1)
  3 alligator snapping turtles
  11 death yaks
  2 satyrs
  12 demonic crawlers
  6 deep troll shamans
  2 occultists
  8 tengu warriors
  2 spriggan berserkers (Depths:2)
  2 spriggans (Depths:3)
  A spectral storm dragon (Depths:2)
  An orc high priest (Orc:1)
  4 skysharks
  5 skeletal warriors
  9 pharaoh ants
  Nergalle (D:10)
  4 iron trolls
  A flayed ghost (Depths:1)
  11 sea snakes
  8 orb spiders
  3 arcanists
  29 deep trolls
  9 ironbound convokers
  8 lindwurms
  An obsidian statue (Depths:2)
  2 necromancers
  A spectral iron dragon (Depths:2)
  16 steelbarb worms
  20 harpies
  Pikel (D:8)
  4 orc knights
  3 deep elf pyromancers
  16 wolf spiders
  8 fauns
  2 orc sorcerers
  29 ugly things
  5 manticores
  5 moths of wrath
  5 cyclopes
  3 merfolk sirens
  8 meliai
  4 black mambas
  9 elephants
  14 vault sentinels
  6 water nymphs
  A yaktaur zombie (Vaults:4)
  A human zombie (Vaults:4)
  3 gargoyles
  5 torpor snails
  8 cane toads
  An efreet (D:13)
  3 rime drakes
  A centaur skeleton (D:15)
  3 komodo dragons
  24 yaktaurs
  2 freezing wraiths
  Psyche (D:8)
  4 spectral glowing shapeshifters (Depths:2)
  6 tengu conjurers
  A harpy zombie (D:15)
  9 guardian mummies (Depths:2)
  A troll (D:9)
  3 hornets
  28 merfolk
  A queen bee (shapeshifter) (D:14)
  27 tarantellas
  2 wolf spider simulacra
  4 polar bears
  Grinder (D:5)
  13 blink frogs
  4 wind drakes
  11 snapping turtles
  31 jumping spiders
  Sigmund (D:5)
  4 centaur simulacra (D:12)
  26 culicivoras
  3 wraiths
  6 wyverns
  2 vampires (D:12)
  13 water elementals
  35 yaks
  5 humans (D:14)
  8 basilisks
  2 steam dragons
  4 wargs
  38 redbacks
  3 vampire mosquitoes (D:13)
  An elf skeleton (Vaults:4)
  31 water moccasins
  A swamp drake (Lair:4)
  11 orc warriors
  2 ice beasts
  A laughing skull (Vaults:2)
  5 black bears
  5 ogres
  3 wolves (Lair:4)
  4 boggarts (Vaults:1)
  17 centaurs
  8 phantoms
  A lemure (D:8)
  2 kobold brigands (D:8)
  11 bullfrogs
  11 scorpions
  A gnoll sergeant (D:10)
  14 wights
  9 killer bees
  3 electric eels
  A hound (D:5)
  2 jellies
  7 centaur zombies
  8 sleepcaps
  10 orc priests
  4 gnoll boudas
  3 iguanas
  22 orc wizards
  2 scorpion zombies (D:8)
  11 hell rats (Lair:1)
  6 killer bee zombies (D:8)
  A boggart simulacrum (D:15)
  22 gnolls
  12 adders
  12 river rats (Lair:1)
  10 shadow imps (D:8)
  3 white imps (D:12)
  2 dart slugs
  3 ribbon worms
  51 orcs
  9 bats
  11 endoplasms
  4 giant cockroaches
  11 goblins
  4 hobgoblins
  10 jackals
  15 quokkas
  7 ball pythons
  3 frilled lizards (D:3)
  14 kobolds
  16 rats
1324 creatures vanquished.

Vanquished Creatures (collateral kills)
  A spectral caustic shrike (Depths:2)
  A mummy priest (Depths:2)
  An orb spider (Spider:2)
  A tarantella (Spider:2)
4 creatures vanquished.

Vanquished Creatures (others)
  2 formless jellyfish
  An ironbound thunderhulk (Vaults:3)
  A yaktaur captain (Vaults:2)
  5 great orbs of eyes
  A vault guard (D:14)
  Erica (D:11)
  A peacekeeper (Vaults:4)
  A merfolk aquamancer (Shoals:4)
  A two-headed ogre (shapeshifter) (Depths:3)
  A sea snake (shapeshifter) (Vaults:3)
  A glowing orange brain (Vaults:2)
  2 lindwurms
  An arcanist (Vaults:4)
  2 ironbound convokers (Vaults:2)
  3 ugly things (Vaults:4)
  A harpy (Shoals:4)
  2 merfolk sirens (Shoals:3)
  A vault sentinel (Vaults:1)
  A gargoyle (D:11)
  A freezing wraith (Spider:3)
  A yaktaur (Vaults:1)
  27 slime creatures
  2 jumping spiders
  A shadow (D:11)
  2 humans (D:14)
  A redback (Spider:4)
  An ice beast (D:12)
  A bullfrog (Lair:4)
  147 jellies
  An adder (Lair:4)
  2 ufetubi (D:12)
  An orc (D:9)
217 creatures vanquished.

Grand Total: 1545 creatures vanquished

Notes
Turn   | Place    | Note
-------+----------+-------------------------------------------
     0 | D:1      | EonDragon20 the Merfolk Shapeshifter began the quest for
                  | the Orb.
     0 | D:1      | Reached XP level 1. HP: 15/15 MP: 1/1
   144 | D:1      | Reached XP level 2. HP: 21/21 MP: 2/2
   238 | D:1      | Reached skill level 5 in Shapeshifting
   492 | D:1      | Reached XP level 3. HP: 23/26 MP: 3/3
   829 | D:2      | Reached skill level 6 in Shapeshifting
   829 | D:2      | Reached XP level 4. HP: 28/32 MP: 4/4
  1032 | D:2      | Found a faded altar of an unknown god.
  1808 | D:3      | Found a transporter.
  1808 | D:3      | Found a transporter.
  2584 | D:3      | Noticed laqueoix's ghost (amateur OpSh)
  2803 | D:4      | Noticed a phantom
  2818 | D:3      | Reached XP level 5. HP: 24/37 MP: 5/5
  2922 | D:4      | Reached skill level 7 in Shapeshifting
  3299 | D:4      | Killed a phantom
  3300 | D:4      | Reached XP level 6. HP: 39/44 MP: 6/6
  4215 | D:5      | Entered Level 5 of the Dungeon
  4275 | D:5      | Found a hide-covered altar of Uskayaw.
  4275 | D:5      | Found a shadowy altar of Dithmenos.
  4303 | D:5      | Noticed Sigmund
  4303 | D:5      | Noticed a water moccasin
  4730 | D:5      | Reached XP level 7. HP: 28/52 MP: 7/7
  4939 | D:5      | Reached skill level 5 in Dodging
  5068 | D:5      | Reached skill level 5 in Unarmed Combat
  5200 | D:5      | Noticed Grinder
  5212 | D:5      | Killed Grinder
  5414 | D:5      | Reached XP level 8. HP: 50/61 MP: 8/8
  5626 | D:5      | Killed Sigmund
  5627 | D:5      | Reached skill level 5 in Fighting
  6024 | D:5      | Found a runed translucent door.
  6025 | D:5      | Noticed Crazy Yiuf
  7511 | D:6      | Reached XP level 9. HP: 68/69 MP: 9/9
  7572 | D:6      | Found a hazy altar of Hepliaklqana.
  7607 | D:6      | Found a staircase to the Ecumenical Temple.
  7630 | Temple   | Entered the Ecumenical Temple
  8033 | D:6      | Found Moakoinu's Tremendous Tomes.
  8090 | D:6      | Found an opulent altar of Gozag.
  8305 | D:7      | Reached skill level 8 in Shapeshifting
  8589 | D:7      | Noticed a two-headed ogre
  8606 | D:7      | Noticed a gargoyle
  8611 | D:7      | Killed a gargoyle
  8612 | D:7      | Reached skill level 9 in Shapeshifting
  8800 | D:7      | Reached skill level 10 in Shapeshifting
  8860 | D:7      | Found Loemidyn's Magic Scroll Shoppe.
  9169 | D:7      | Killed a two-headed ogre
  9170 | D:7      | Reached skill level 11 in Shapeshifting
  9170 | D:7      | Reached XP level 10. HP: 63/77 MP: 10/10
  9305 | D:7      | Reached skill level 12 in Shapeshifting
  9434 | D:7      | Found a radiant altar of Vehumet.
  9641 | D:7      | Found a shimmering blue altar of Sif Muna.
  9731 | D:8      | Noticed Pikel
  9741 | D:8      | Killed Pikel
  9742 | D:8      | Reached skill level 13 in Shapeshifting
  9991 | D:8      | Noticed a two-headed ogre
 10000 | D:8      | Reached skill level 14 in Shapeshifting
 10011 | D:8      | Killed a two-headed ogre
 10290 | D:8      | Reached XP level 11. HP: 83/83 MP: 11/11
 11014 | D:8      | Found a glowing golden altar of the Shining One.
 11077 | D:8      | Noticed Psyche
 11114 | D:8      | Killed Psyche
 11594 | D:9      | Found a staircase to the Lair.
 11685 | D:9      | Reached skill level 10 in Dodging
 11968 | D:9      | Found a bloodstained altar of Trog.
 12713 | D:9      | Found a runed translucent door.
 12713 | D:9      | Noticed MiniGinger's ghost (journeyman GnHs)
 12800 | Lair:1   | Entered Level 1 of the Lair of Beasts
 13300 | Lair:1   | Noticed a catoblepas
 13304 | Lair:1   | Reached XP level 12. HP: 95/95 MP: 12/12
 13315 | Lair:1   | Killed a catoblepas
 13467 | Lair:1   | Reached skill level 10 in Unarmed Combat
 13594 | Lair:1   | Reached skill level 15 in Shapeshifting
 13878 | Lair:1   | Reached skill level 16 in Shapeshifting
 14521 | Lair:2   | Noticed a catoblepas
 14545 | Lair:2   | Killed a catoblepas
 14546 | Lair:2   | Reached skill level 17 in Shapeshifting
 14637 | Lair:2   | Noticed a death yak
 14638 | Lair:2   | Noticed a death yak
 14638 | Lair:2   | Noticed a death yak
 14638 | Lair:2   | Noticed a death yak
 14659 | Lair:2   | Killed a death yak
 14698 | Lair:2   | Killed a death yak
 14717 | Lair:2   | Killed a death yak
 14727 | Lair:2   | Killed a death yak
 14778 | Lair:2   | Reached skill level 18 in Shapeshifting
 14798 | Lair:2   | Noticed a five-headed hydra
 14867 | Lair:2   | Reached XP level 13. HP: 102/102 MP: 13/13
 14887 | Lair:2   | Found a hole to the Spider Nest.
 15456 | Lair:2   | Reached skill level 19 in Shapeshifting
 15692 | Lair:2   | Found a staircase to the Shoals.
 16112 | Lair:3   | Reached skill level 10 in Fighting
 16851 | Lair:3   | Identified the +0 ring mail of a sewer {Dex+3}
 17308 | Lair:4   | Found a staircase to the Slime Pits.
 17308 | Lair:4   | Found a viscous altar of Jiyva.
 17316 | Lair:4   | Became a worshipper of Jiyva Josud the Shapeless
 18085 | Lair:4   | You fall into a shaft and drop 1 floor!
 18085 | Lair:5   | Entered Level 5 of the Lair of Beasts
 18153 | Lair:5   | Reached * piety under Jiyva
 18255 | Lair:4   | Noticed Snorg
 18274 | Lair:4   | Killed Snorg
 18298 | Lair:4   | Reached skill level 15 in Dodging
 18298 | Lair:4   | Reached XP level 14. HP: 68/111 MP: 14/14
 18897 | Lair:4   | Reached ** piety under Jiyva
 19314 | D:10     | Entered Level 10 of the Dungeon
 19435 | D:10     | Found a stormy altar of Qazlal.
 19540 | D:10     | Found a sacrificial altar of Ru.
 19619 | D:10     | Found a burning altar of Makhleb.
 19627 | D:10     | Found a broken altar of Ashenzari.
 19627 | D:10     | Found a basalt altar of Yredelemnul.
 19628 | D:10     | Found an ornate altar of the Wu Jian Council.
 19628 | D:10     | Found an iron altar of Okawaru.
 19709 | D:10     | Noticed Nergalle
 19718 | D:10     | Killed Nergalle
 19873 | D:11     | Killed Erica
 20205 | D:11     | Reached *** piety under Jiyva
 20221 | D:11     | Gained mutation: Armour fits poorly on your pseudopods.
                  | [Jiyva's grace]
 20221 | D:11     | Gained mutation: Armour fits poorly on your large
                  | pseudopods. [Jiyva's grace]
 20221 | D:11     | Gained mutation: Armour fits poorly on your massive
                  | pseudopods. [Jiyva's grace]
 20221 | D:11     | Gained mutation: You possess an exceptional clarity of
                  | mind. [Jiyva's grace]
 20665 | D:12     | Reached **** piety under Jiyva
 21111 | D:12     | Found a runed translucent door.
 21114 | D:12     | Noticed a balrug
 21114 | D:12     | Found the +8 mithril axe "Arga" {speed, Will+}
 21224 | D:12     | Found a staircase to the Orcish Mines.
 21351 | Orc:1    | Entered Level 1 of the Orcish Mines
 21611 | Orc:2    | Entered Level 2 of the Orcish Mines
 21611 | Orc:2    | Found a gate leading to a gauntlet.
 21668 | Orc:2    | Reached ***** piety under Jiyva
 21693 | Orc:2    | Found a staircase to the Elven Halls.
 21870 | D:13     | Found the +8 demon blade "Leech" {evervamp, Harm ^Drain
                  | rN+}
 21870 | D:13     | Found Josegifa's Antique Weapon Emporium.
 21870 | D:13     | Found Pyoxyifu's General Store.
 21932 | D:13     | Found Toniotta's Jewellery Shop.
 21941 | D:13     | Bought the ring "Unkoluig" {rElec rPois rN+ rCorr Str+6}
                  | for 1088 gold pieces
 21952 | D:13     | Found Xowugaul's General Store.
 22154 | D:13     | Found Loetycaa's Magic Scroll Boutique.
 22855 | D:14     | Gained mutation: You have an increased reservoir of magic.
                  | (+10% MP) [Jiyva's grace]
 22855 | D:14     | Gained mutation: You have a considerably increased
                  | reservoir of magic. (+20% MP) [Jiyva's grace]
 22855 | D:14     | Gained mutation: You have a greatly increased reservoir of
                  | magic. (+30% MP) [Jiyva's grace]
 22855 | D:14     | Gained mutation: Your rubbery body absorbs attacks. (AC +1,
                  | EV +1) [Jiyva's grace]
 22890 | D:14     | Found Giff's Antique Weapon Boutique.
 22892 | D:14     | Noticed Jorgrun
 22905 | D:14     | Killed Jorgrun
 23035 | D:14     | Reached XP level 15. HP: 78/120 MP: 19/19
 23736 | D:14     | Found a gate to the Vaults.
 23831 | D:15     | Entered Level 15 of the Dungeon
 23984 | D:15     | Reached ****** piety under Jiyva
 24104 | D:15     | Found an iron altar of Okawaru.
 24143 | D:15     | Paralysed by an orc sorcerer for 2 turns
 24291 | D:15     | Found a staircase to the Depths.
 24718 | Spider:1 | Entered Level 1 of the Spider Nest
 24866 | Spider:1 | Lost mutation: You possess an exceptional clarity of mind.
                  | [Jiyva's grace]
 24866 | Spider:1 | Lost mutation: You have a greatly increased reservoir of
                  | magic. (+30% MP) [Jiyva's grace]
 24866 | Spider:1 | Lost mutation: Armour fits poorly on your massive
                  | pseudopods. [Jiyva's grace]
 24866 | Spider:1 | Lost mutation: Armour fits poorly on your large pseudopods.
                  | [Jiyva's grace]
 24866 | Spider:1 | Gained mutation: You are resistant to electric shocks.
                  | (rElec) [Jiyva's grace]
 24866 | Spider:1 | Gained mutation: You are agile. (Dex +4, Str/Int -1)
                  | [Jiyva's grace]
 24866 | Spider:1 | Gained mutation: You are very agile. (Dex +8, Str/Int -2)
                  | [Jiyva's grace]
 24866 | Spider:1 | Gained mutation: You are covered in slimy tendrils that may
                  | disarm your opponents. [Jiyva's grace]
 25001 | Spider:1 | Noticed Roxanne
 25100 | Spider:1 | Noticed an emperor scorpion
 25128 | Spider:1 | Killed an emperor scorpion
 25190 | Spider:1 | Noticed Louise
 25207 | Spider:1 | Killed Louise
 25399 | Spider:1 | Reached XP level 16. HP: 134/134 MP: 19/19
 25496 | Spider:1 | Found a runed translucent door.
 25496 | Spider:1 | Noticed Taul's ghost (journeyman MiFi)
 25566 | Spider:1 | Noticed Frances
 25577 | Spider:1 | Killed Frances
 25811 | Spider:2 | Reached skill level 15 in Unarmed Combat
 25939 | Spider:2 | Reached skill level 15 in Fighting
 26765 | Spider:2 | Identified the +0 leather armour "Zaawaskea" {rCorr Str+3
                  | Dex+3}
 27102 | Spider:3 | Lost mutation: You are resistant to electric shocks.
                  | (rElec) [Jiyva's grace]
 27102 | Spider:3 | Lost mutation: Your rubbery body absorbs attacks. (AC +1,
                  | EV +1) [Jiyva's grace]
 27102 | Spider:3 | Lost mutation: You are covered in slimy tendrils that may
                  | disarm your opponents. [Jiyva's grace]
 27102 | Spider:3 | Gained mutation: Armour fits poorly on your large
                  | pseudopods. [Jiyva's grace]
 27102 | Spider:3 | Gained mutation: Armour fits poorly on your massive
                  | pseudopods. [Jiyva's grace]
 27102 | Spider:3 | Gained mutation: You are partially covered in iridescent
                  | scales. (AC +2) [Jiyva's grace]
 27102 | Spider:3 | Gained mutation: You are mostly covered in iridescent
                  | scales. (AC +4) [Jiyva's grace]
 27261 | Spider:3 | an emperor scorpion changed into an acid blob
 27261 | Spider:3 | Noticed an acid blob
 27507 | Spider:3 | Reached XP level 17. HP: 146/146 MP: 20/20
 27848 | Spider:4 | Entered Level 4 of the Spider Nest
 28184 | Spider:4 | Noticed Arachne
 28214 | Spider:4 | Killed Arachne
 28925 | Spider:4 | Identified the +1 ring mail of the True Pharaoh {Int+4
                  | Stlth+}
 29130 | Spider:4 | Got a gossamer rune of Zot
 29345 | Shoals:1 | Entered Level 1 of the Shoals
 29345 | Shoals:1 | Found Ysosu's Jewellery Shoppe.
 30169 | Shoals:2 | Found Fyutucaw's Armour Shop.
 30183 | Shoals:2 | Lost mutation: You are mostly covered in iridescent scales.
                  | (AC +4) [Jiyva's grace]
 30183 | Shoals:2 | Lost mutation: You are very agile. (Dex +8, Str/Int -2)
                  | [Jiyva's grace]
 30183 | Shoals:2 | Lost mutation: You have a considerably increased reservoir
                  | of magic. (+20% MP) [Jiyva's grace]
 30183 | Shoals:2 | Gained mutation: You are strong-willed. (Will+) [Jiyva's
                  | grace]
 30183 | Shoals:2 | Gained mutation: You are highly strong-willed. (Will++)
                  | [Jiyva's grace]
 30183 | Shoals:2 | Gained mutation: You are extremely strong-willed. (Will+++)
                  | [Jiyva's grace]
 30183 | Shoals:2 | Gained mutation: Your mind is acute. (Int +4, Str/Dex -1)
                  | [Jiyva's grace]
 30361 | Shoals:2 | Found Araawkac's Antique Armour Emporium.
 30373 | Shoals:2 | Reached XP level 18. HP: 158/158 MP: 19/19
 30387 | Shoals:2 | Found Xoginig's Jewellery Shoppe.
 30411 | Shoals:2 | Bought a ring of see invisible for 180 gold pieces
 30718 | Shoals:2 | Found Uggorph's Antique Weapon Shop.
 31381 | Shoals:3 | Noticed Ilsuiw
 31417 | Shoals:3 | Slimified Ilsuiw
 31417 | Shoals:3 | Noticed Ilsuiw
 31754 | Shoals:3 | Found a runed translucent door.
 31754 | Shoals:3 | Noticed Cedruin's ghost (adept DrAr)
 32133 | Shoals:3 | Noticed Polyphemus
 32152 | Shoals:3 | Killed Polyphemus
 32320 | Shoals:4 | Entered Level 4 of the Shoals
 32842 | Shoals:4 | Noticed Mara
 32850 | Shoals:4 | Noticed EonDragon20's illusion
 32978 | Shoals:4 | Killed Mara
 33117 | Shoals:4 | Identified the staff of Starshine {rF- rC+ Dex+6 Ice}
 33380 | Shoals:4 | Got Letoy's Compilation of Leaden Embers
 33752 | Shoals:4 | Got a barnacled rune of Zot
 33868 | Slime:1  | Entered Level 1 of the Pits of Slime
 34504 | Slime:5  | Entered Level 5 of the Pits of Slime
 34524 | Slime:5  | Got Sif Muna's Writings on Concoctions and Scree
 34528 | Slime:5  | Got a slimy rune of Zot
 34552 | Slime:5  | Found a viscous altar of Jiyva.
 34907 | Vaults:1 | Entered Level 1 of the Vaults
 35010 | Depths:1 | Entered Level 1 of the Depths
 35010 | Depths:1 | Lost mutation: Your mind is acute. (Int +4, Str/Dex -1)
                  | [Jiyva's grace]
 35010 | Depths:1 | Lost mutation: You have an increased reservoir of magic.
                  | (+10% MP) [Jiyva's grace]
 35010 | Depths:1 | Gained mutation: You have a somewhat thin skeletal
                  | structure. (Dex +2, Stealth+) [Jiyva's grace]
 35010 | Depths:1 | Gained mutation: You have a moderately thin skeletal
                  | structure. (Dex +4, Stealth++) [Jiyva's grace]
 35010 | Depths:1 | Gained mutation: You have an unnaturally thin skeletal
                  | structure. (Dex +6, Stealth+++) [Jiyva's grace]
 35010 | Depths:1 | Gained mutation: Your melee attacks may engulf your foes in
                  | ooze. [Jiyva's grace]
 35157 | Depths:1 | Found Loneyshre's Weapon Shoppe.
 35365 | Depths:1 | Reached XP level 19. HP: 170/170 MP: 19/19
 35746 | Depths:1 | Found a gateway to Hell.
 36158 | D:13     | Bought a dragon-blood talisman for 1020 gold pieces
 36480 | Vaults:1 | Identified the +4 rapier "Nafezxy" {spect, Int+7 SInv}
 36640 | Vaults:1 | Found Onaint's Weapon Shoppe.
 36726 | Vaults:1 | Reached skill level 20 in Shapeshifting
 36961 | Vaults:1 | Found a portal to a secret trove of treasure.
 36969 | Vaults:1 | Lost mutation: You have an unnaturally thin skeletal
                  | structure. (Dex +6, Stealth+++) [Jiyva's grace]
 36969 | Vaults:1 | Lost mutation: You are agile. (Dex +4, Str/Int -1) [Jiyva's
                  | grace]
 36969 | Vaults:1 | Lost mutation: Armour fits poorly on your massive
                  | pseudopods. [Jiyva's grace]
 36969 | Vaults:1 | Lost mutation: Armour fits poorly on your large pseudopods.
                  | [Jiyva's grace]
 36969 | Vaults:1 | Gained mutation: Your body has grown eyes which may confuse
                  | attackers. (Acc +3) [Jiyva's grace]
 36969 | Vaults:1 | Gained mutation: Your body has grown many eyes which may
                  | confuse attackers. (Acc +5) [Jiyva's grace]
 36969 | Vaults:1 | Gained mutation: Your body is covered in eyes which may
                  | confuse attackers. (Acc +7, SInv) [Jiyva's grace]
 36969 | Vaults:1 | Gained mutation: You are agile. (Dex +4, Str/Int -1)
                  | [Jiyva's grace]
 37341 | Vaults:2 | Found a staircase to the Crypt.
 37560 | Vaults:2 | Reached skill level 21 in Shapeshifting
 38032 | Vaults:2 | Reached skill level 22 in Shapeshifting
 38540 | Shoals:1 | Bought a ring of protection from cold for 350 gold pieces
 38913 | Vaults:3 | Noticed Sojobo
 39049 | Vaults:3 | Paralysed by an air elemental for 1 turns
 39050 | Vaults:3 | Killed Sojobo
 39065 | Vaults:3 | Reached XP level 20. HP: 175/175 MP: 20/20
 39224 | Vaults:3 | Reached skill level 23 in Shapeshifting
 39825 | Vaults:3 | Noticed Mennas
 39991 | Vaults:4 | Found a magical portal.
 40099 | Vaults:4 | Lost mutation: You have a moderately thin skeletal
                  | structure. (Dex +4, Stealth++) [Jiyva's grace]
 40099 | Vaults:4 | Gained mutation: Your muscles are strong. (Str +4, Int/Dex
                  | -1) [Jiyva's grace]
 40099 | Vaults:4 | Gained mutation: Your muscles are very strong. (Str +8,
                  | Int/Dex -2) [Jiyva's grace]
 40099 | Vaults:4 | Gained mutation: You have a pair of small antennae on your
                  | head. [Jiyva's grace]
 40099 | Vaults:4 | Gained mutation: You have a pair of antennae on your head.
                  | [Jiyva's grace]
 40227 | Vaults:4 | Reached skill level 24 in Shapeshifting
 41304 | Depths:2 | Reached skill level 25 in Shapeshifting
 41672 | Depths:2 | Found Jonerril's Antique Weapon Shoppe.
 41691 | Depths:2 | Found Miady's Distillery.
 41838 | Depths:2 | Found a one-way gate leading to the halls of Pandemonium.
 42357 | Depths:2 | Reached XP level 21. HP: 169/186 MP: 21/21
 42731 | Depths:2 | Noticed a royal mummy
 42737 | Depths:2 | Killed a royal mummy
 42745 | Depths:2 | Identified the +0 short sword of Qipt {speed, Int+2 SInv}
 42750 | Depths:2 | Got the Incunabulum of Rocky Conduction
 43042 | Depths:3 | Noticed a caustic shrike
 43042 | Depths:3 | Identified the ring "Archoaha" {Str+4 Int+6 Dex-2}
 43046 | Depths:3 | Found a transporter.
 43262 | Depths:3 | Found a one-way gate to the infinite horrors of the Abyss.
 43310 | Depths:3 | You are sucked into a shaft and drop 1 floor!
 43310 | Depths:4 | Entered Level 4 of the Depths
 43310 | Depths:4 | Lost mutation: You have a pair of antennae on your head.
                  | [Jiyva's grace]
 43310 | Depths:4 | Lost mutation: Your body is covered in eyes which may
                  | confuse attackers. (Acc +7, SInv) [Jiyva's grace]
 43310 | Depths:4 | Lost mutation: Your body has grown many eyes which may
                  | confuse attackers. (Acc +5) [Jiyva's grace]
 43310 | Depths:4 | Gained mutation: Armour fits poorly on your large
                  | pseudopods. [Jiyva's grace]
 43310 | Depths:4 | Gained mutation: Armour fits poorly on your massive
                  | pseudopods. [Jiyva's grace]
 43310 | Depths:4 | Gained mutation: You are mostly covered in iridescent
                  | scales. (AC +4) [Jiyva's grace]
 43310 | Depths:4 | Gained mutation: You are completely covered in iridescent
                  | scales. (AC +6) [Jiyva's grace]
 43316 | Depths:4 | Noticed a caustic shrike
 43317 | Depths:4 | Noticed a caustic shrike
 43321 | Depths:4 | Noticed a caustic shrike
 43323 | Depths:4 | Noticed a caustic shrike
 43327 | Depths:4 | Killed a caustic shrike
 43332 | Depths:4 | Killed a caustic shrike
 43334 | Depths:4 | Noticed a caustic shrike
 43337 | Depths:4 | Noticed a juggernaut
 43338 | Depths:4 | Killed a caustic shrike
 43339 | Depths:4 | Killed a caustic shrike
 43347 | Depths:4 | Killed a caustic shrike
 43349 | Depths:4 | Killed a juggernaut
 43356 | Depths:4 | HP: 3/282 [frost giant/bolt of cold (43)]
 43357 | Depths:4 | Killed from afar by a frost giant

Illustrated notes

Levels and vault maps discovered:
D:1:      roadster_arrival_rocket_small, layout_basic, minmay_vboxes
D:2:      layout_loops_ring, hellmonk_ecumenical_altar_run_dry
D:3:      layout_basic, gammafunk_ghost_gnarly_gnolls, palyth_stone_intersect
D:4:      layout_basic
D:5:      wad_pebble_path, layout_cave_pods, gammafunk_temple_overflow_elements,
          uniq_grinder, uniq_crazy_yiuf_cottage, uniq_sigmund
D:6:      layout_rooms, grunt_gozag_breadcrumbs,
          mainiacjoe_overflow_surrounded_room, minmay_temple_entry_nine_rooms,
          nicolae_shop_i_like_big_books
D:7:      minmay_spotlight, layout_loops_ring, led_sif_pool,
          lemuel_doored_altar, serial_shops, nicolae_shop_advertising_works
          [nicolae_subvault_shop_adworks], centaur_isle
D:8:      bobbens_index_wilting_gardens, layout_loops_ring,
          mainiacjoe_overflow_alcove_1, uniq_pikel, uniq_psyche
D:9:      layout_basic, kennysheep_mini_moat, minmay_lair_entry_grove,
          gammafunk_ghost_grave, hangedman_abyss_or_decor_clamps,
          kennysheep_small_spiral
D:10:     layout_rooms, hangedman_ru_absence, mainiacjoe_overflow_boulevard,
          minitemple, uniq_nergalle
D:11:     layout_basic, uniq_erica
D:12:     dreamdust_dug_too_deep, layout_basic, david_orc_4, serial_ice,
          serial_ice_b, serial_ice_i, serial_ice_e, serial_ice_n, serial_ice_f,
          skrybe_limestone_x
D:13:     layout_loops_ring, serial_shops, shop, shop, shop, shop, shop,
          serial_co_window_serial, co_window_paths_a, co_window_corner_a,
          co_window_cross_1, co_window_paths_b, co_window_corner_a,
          co_window_2corner, co_window_cross_2, co_window_corner_b,
          co_window_of_opportunity_b, glass_columns_c, glass_columns_b,
          glass_columns_c, minmay_statue_bubble
D:14:     layout_roguey, ximxim_vaults_locker_room, chequers_decorated_corner,
          serial_shops, shop, uniq_jorgrun
D:15:     grunt_enter_depths_magical_seal, layout_gridville, fountainhead,
          minivault_4, okawaru_trees_2
Temple:   nicolae_temple_superstar
Lair:1:   lemuel_ratsnest, layout_big_grid, grunt_megastairs_1,
          lemuel_fruit_tree
Lair:2:   layout_regular_city, elwin_shoals_entry_stream,
          nicolae_spider_entry_tight_spaces, enter_volcano_4,
          infiniplex_staircase_pool_2
Lair:3:   layout_loops_ring, serial_forest, infiniplex_forest_clump_small,
          infiniplex_forest_lined_corner, infiniplex_forest_clump_double,
          infiniplex_forest_corner_1, infiniplex_forest_end_2,
          infiniplex_forest_clump_medium, infiniplex_forest_clump_small
Lair:4:   lemuel_reptile_caves, layout_big_grid, slime_entry_1, uniq_snorg
Lair:5:   grunt_lair_end_beastmaster, layout_small_grid, minivault_27
Shoals:1: layout_shoals, serial_shops, shop
Shoals:2: layout_shoals, serial_shops, shop, shop, nicolae_shop_hallway_stairs,
          shop_coins, nicolae_shoals_cliffside_cave
Shoals:3: layout_shoals, hellmonk_ghost_happy_afterlife, uniq_polyphemus,
          uniq_ilsuiw
Shoals:4: shoals_end_grunt_ice, layout_shoals, uniq_mara
Spider:1: layout_cave_pods, gammafunk_ghost_grave, uniq_frances, uniq_louise,
          uniq_roxanne
Spider:2: layout_cave_pods
Spider:3: layout_spider_delve, portal_ice_cave_entry_frozen_things,
          nicolae_spider_rock_and_or_roll
Spider:4: grunt_spider_rune_island, nicolae_spider_bug_shape, uniq_arachne
Slime:1:  layout_caves
Slime:2:  layout_caves
Slime:3:  layout_caves
Slime:4:  layout_caves, special_room [special_room_jelly],
          nicolae_slime_welcoming_committee
Slime:5:  slime_pit_nicolae_jellycorners
Orc:1:    layout_caves, basic_altar
Orc:2:    grunt_orc_community_town_hall, layout_caves,
          grunt_orc_community_big_house_1, grunt_orc_community_big_house_2,
          grunt_orc_community_house_1, grunt_orc_community_house_3,
          grunt_orc_community_house_2, grunt_orc_community_house_2,
          grunt_orc_community_house_2, grunt_orc_community_house_2,
          gauntlet_entry_generic, regret_index_xom_of_box, uniq_maurice
Vaults:1: nicolae_vaults_diagonal_hallway_8,
          nicolae_vaults_taking_the_gang_shopping, vaults_dpeg_encased_lava,
          hangedman_vaults_unwind, nicolae_vaults_cochlea,
          hangedman_vaults_pinch, grunt_vaults_swirl, layout_vaults_omnigrid,
          enter_trove_0
Vaults:2: nicolae_vaults_twisting_passages, v_misc_5, v_rooms_4,
          ontoclasm_vaults_shuriken, v_misc_1, minmay_crypt_entry_simple_round,
          nicolae_vaults_shrinking_rooms_1, nicolae_vaults_hexular_roomagon,
          vaults_dpeg_ring, vaults_room_grunt_arrival_ludios,
          grunt_vaults_bifocal, ontoclasm_vaults_ring_small, v_alt_pattern_4,
          vaults_room_hallway, nicolae_vaults_double_plus_1,
          nicolae_vaults_storage_room_glass, layout_vaults_omnibox
Vaults:3: vaults_mumra_minichess_inversion, hangedman_vaults_stitches,
          nicolae_vaults_diamond_2, nicolae_vaults_trapezoid_3,
          hangedman_vaults_capsules, ontoclasm_vaults_loading_screen, v_misc_17,
          vaults_mumra_hex, ontoclasm_vaults_loading_screen,
          nicolae_vaults_rhombus_7, layout_vaults_big_room, uniq_mennas,
          uniq_sojobo
Vaults:4: mu_enter_wizlab_4, vaults_room_fancy_cross, hangedman_vaults_locks,
          nicolae_vaults_border_crossing, hangedman_vaults_river_flow,
          vaults_room_ringed_pool, ontoclasm_vaults_spin,
          nicolae_vaults_frosty_reception, nicolae_vaults_trapezoid_2,
          v_pattern_1, layout_vaults_big_cross
Depths:1: layout_cave_shapes, nicolae_wwwww, serial_shops,
          nicolae_shop_peninsula, grunt_hell_entry_dis_mu,
          kennysheep_small_circle
Depths:2: lemuel_minitomb, layout_basic, fountainhead, hell_entry, pan_entry,
          kennysheep_random_hallway, infiniplex_staircase_pillars_3b,
          minmay_shoptagon
Depths:3: gammafunk_sealed_arena, layout_cave_pools, abyss_entry, hell_entry,
          grunt_ministairs_12, infiniplex_staircase_pool_lava
Depths:4: evilmike_zot_entry_diamond, layout_cave_pools, enter_ziggurat_e,
          hangedman_decor_opposing, grunt_metal_band, tgw_trog

Skill      XL: |  1  2  3  4  5  6  7  8  9 10 11 12 13 14 15 16 17 18 19 20 21 |
---------------+----------------------------------------------------------------+-----
Shapeshifting  | 5 6 7 11 14 18 19 22 25 | 25.0
Dodging        | 3 4 6 7 8 11 15 18 20 | 20.0
Fighting       | 2 3 4 6 9 10 11 14 16 18 20 21 | 21.8
Unarmed Combat | 4 5 7 9 10 12 14 16 18 20 21 23 | 23.3

Action                     |  1- 3 |  4- 6 |  7- 9 | 10-12 | 13-15 | 16-18 | 19-21 || total
---------------------------+-------+-------+-------+-------+-------+-------+-------++-------
  Melee: Whip              |   130 |   110 |       |       |       |       |       ||   240
         Unarmed           |     7 |   125 |   309 |   705 |  1114 |  1167 |   659 ||  4086
         Punch             |     1 |     1 |       |       |       |       |    97 ||    99
         Constrict         |       |       |     4 |   148 |   247 |   284 |     9 ||   692
         Bite              |       |       |       |       |       |       |    93 ||    93
         Tailslap          |       |       |       |       |       |       |   106 ||   106
 Invoke: Oozemancy         |       |       |       |       |       |     2 |     3 ||     5
         Slimify           |       |       |       |       |       |     2 |       ||     2
Ability: Breathe Fire      |       |       |       |       |       |       |     1 ||     1
         Begin Untransform |       |       |       |       |       |       |     1 ||     1
  Evoke: Phantom mirror    |       |       |       |       |     1 |       |       ||     1
    Use: Scroll            |     1 |     9 |     4 |     5 |    10 |     7 |     3 ||    39
         Potion            |       |     2 |     1 |       |       |     2 |     3 ||     8
   Stab: Sleeping          |       |     1 |       |     3 |       |     6 |     8 ||    18
         Distracted        |       |       |       |     1 |     3 |     3 |     8 ||    15
 Armour: Animal skin       |    95 |    66 |       |       |       |       |       ||   161
         Skin              |       |    49 |   110 |   317 |   527 |   559 |   260 ||  1822
  Dodge: Dodged            |   119 |   164 |   238 |   400 |  1048 |  1383 |   447 ||  3799
  Block: Other             |       |       |     6 |   107 |   237 |   225 |   103 ||   678
         Reflection        |       |       |       |     1 |     6 |    14 |    11 ||    32
   Form: Flux              |       |     1 |       |       |       |       |       ||     1
         Serpent           |       |       |     1 |       |       |       |       ||     1
         Dragon            |       |       |       |       |       |       |     2 ||     2
